Map: [ESL] Solaris

Players

BattleB

  • Race: Terran Terran
  • Spawn Location: 7:00

PtitDrogo - Winner!

  • Race: Protoss Protoss
  • Spawn Location: 1:00

Event: ESL SC2 Masters 2023 Winter (Regional)

VOD

Have the link to the VOD?

Description

Time

  • Played on: Oct. 29, 2023, 12:18 p.m.
  • Length: 11:54

All games in this series

Show
View Real Time Build Order
Export as new Build Order

BattleB Terran 

Build Orders: Cyclone Opening 

Get SALT Encoding   

  12  0:00  SCV  
  13  0:12  SCV  
  14  0:17  Supply Depot  
  14  0:24  SCV  
  15  0:39  SCV  
  15  0:40  Barracks  
  16  0:43  Refinery  
  16  0:51  SCV  
  16  0:53  Refinery  
  17  1:03  SCV  
  18  1:15  SCV  
  19  1:27  Orbital Command, Reaper  
  19  1:30  Supply Depot  
  20  1:41  Factory  
  20  1:52  SCV  
  21  1:59  Reaper  
  22  2:04  SCV  
  23  2:16  Command Center  
  23  2:17  SCV  
  24  2:25  Cyclone  
  26  2:31  SCV  
  26  2:32  Barracks Reactor  
  27  2:39  Supply Depot  
  27  2:43  SCV  
  28  2:52  Starport  
  28  2:55  SCV  
  28  2:59  Widow Mine  
  30  3:07  SCV  
  30  3:10  Marine x2  
  33  3:19  SCV  
  34  3:20  Widow Mine  
  36  3:31  SCV  
  36  3:32  Marine x2  
  36  3:33  Medivac  
  39  3:38  Orbital Command  
  39  3:42  Widow Mine  
  39  3:43  SCV  
  42  3:52  Barracks, Marine  
  42  3:53  Marine  
  44  3:55  SCV  
  44  4:00  Bunker  
  45  4:03  Starport Tech Lab, Factory Tech Lab  
  45  4:05  SCV  
  45  4:08  SCV  
  47  4:11  Supply Depot  
  47  4:12  Marine  
  47  4:14  Marine  
  49  4:21  SCV x2  
  49  4:24  Siege Tank  
  49  4:28  Raven  
  54  4:33  SCV x2  
  56  4:40  Barracks  
  56  4:42  Marine x2  
  56  4:44  Supply Depot  
  56  4:45  SCV  
  56  4:48  SCV  
  56  4:54  Engineering Bay  
  56  4:55  Refinery  
  56  4:58  SCV  
  57  5:00  SCV, Supply Depot  
  57  5:02  Stimpack  
  57  5:06  Factory Reactor  
  58  5:07  Marine x2  
  58  5:10  Starport Reactor  
  58  5:13  Marauder  
  58  5:14  SCV  
  63  5:15  SCV  
  63  5:21  Terran Infantry Weapons Level 1  
  64  5:22  Refinery  
  64  5:26  SCV  
  64  5:28  SCV  
  66  5:29  Marine x2  
  66  5:31  Supply Depot  
  68  5:37  Combat Shield  
  68  5:38  SCV, Marauder  
  68  5:40  SCV  
  68  5:41  Marauder  
  74  5:47  Supply Depot  
  74  5:49  Marine x2  
  76  5:50  Medivac  
  78  5:58  Medivac  
  78  6:01  Marauder  
  82  6:05  Widow Mine  
  82  6:06  Widow Mine  
  82  6:09  Marine x2, Marauder  
  90  6:13  Supply Depot  
  90  6:14  Supply Depot  
  90  6:28  Marauder  
  90  6:30  Marauder  
  94  6:33  Command Center  
  94  6:34  SCV x2, Marine x2  
  94  6:38  Medivac  
  94  6:39  Widow Mine x2  
  104  6:46  SCV x2  
  106  6:49  Marauder  
  106  6:52  Marauder  
  110  7:07  Supply Depot  
  110  7:08  Supply Depot  
  110  7:12  Marine  
  110  7:13  SCV  
  110  7:14  Medivac  
  110  7:20  Marine x2  
  110  7:21  Widow Mine x2, SCV  
  117  7:25  SCV  
  117  7:29  Barracks x2, Marauder  
  120  7:33  SCV  
  114  7:37  SCV  
  114  7:38  Marine x2  
  114  7:39  Marauder  
  110  7:45  SCV  
  110  7:47  Widow Mine  
  110  7:48  Widow Mine  
  110  7:49  SCV  
  110  7:51  Marauder  
  115  7:54  Viking x2  
  115  7:57  SCV  
  115  7:58  Terran Infantry Armor Level 1  
  113  7:59  Marine x2  
  113  8:01  SCV  
  113  8:03  Orbital Command  
  116  8:06  Marauder  
  116  8:09  SCV  
  116  8:12  Bunker  
  119  8:13  SCV  
  119  8:17  Barracks Reactor, Barracks Tech Lab  
  124  8:20  Marine x2, Widow Mine x2  
  124  8:21  SCV  
  124  8:24  Marauder  
  129  8:31  Medivac x2  
  129  8:32  Marauder  
  129  8:33  SCV x2  
  137  8:36  Refinery  
  137  8:37  Marauder, Refinery  
  137  8:40  SCV  
  140  8:45  SCV, Supply Depot x2  
  140  8:47  Marine x2  
  138  8:49  Widow Mine x2  
  138  8:50  Marauder  
  138  8:53  SCV x2  
  146  8:59  Marine x2, Ghost Academy  
  148  9:04  Marauder  
  148  9:06  Viking  
  148  9:07  Marauder  
  148  9:09  Viking  
  154  9:14  Armory, Marine x2  
  154  9:15  Engineering Bay  
  156  9:21  Marine x2  
  158  9:28  Command Center  
  158  9:29  Ghost  
  160  9:35  Ghost x2  
  162  9:39  Supply Depot  
  162  9:40  Marine  
  162  9:41  Marine, Supply Depot  
  162  9:44  Marine  
  163  9:54  Viking  
  165  10:00  Supply Depot  
  165  10:01  Viking, Marine x3  
  165  10:05  Marauder x3  
  175  10:13  Widow Mine x2, Marine  
  172  10:21  Marine  
  172  10:22  Marine  
  172  10:26  Marauder  
  172  10:27  Ghost x2  
  180  10:31  Marine  
  180  10:32  Marine  
  182  10:39  Marine  
  174  10:44  Marine  
  174  10:46  Viking x2  
  174  10:47  Marauder, Widow Mine x2  
  173  10:51  Marine x2  
  173  10:56  Marauder x2  
  163  11:05  Marine x2  
  163  11:09  Marauder  
  157  11:11  Barracks  
  157  11:13  Barracks x2  
  157  11:14  Marine  
  157  11:15  Marine, Widow Mine x2  
  157  11:16  Viking x2  
  157  11:17  Marine  
  156  11:19  SCV x2  
  156  11:25  Marine x2  
  160  11:36  SCV x3  
Show
View Real Time Build Order
Export as new Build Order

PtitDrogo Protoss - Winner!

Build Orders: 1 Gate Expand, Blink Stalkers, Colossus Rush 

Get SALT Encoding   

  12  0:00  Probe  
  13  0:12  Probe  
  14  0:17  Pylon  
  14  0:24  Probe (Chrono Boost)  
  15  0:35  Gateway  
  15  0:37  Probe (Chrono Boost)  
  16  0:46  Assimilator, Probe (Chrono Boost)  
  17  0:51  Probe  
  18  1:03  Probe  
  19  1:15  Probe  
  20  1:22  Cybernetics Core  
  22  1:35  Nexus  
  22  1:39  Pylon  
  20  1:41  Probe  
  20  1:47  Assimilator  
  21  1:54  Probe  
  22  1:56  Adept (Chrono Boost)  
  22  1:59  Warp Gate  
  24  2:06  Probe  
  25  2:16  Stalker (Chrono Boost)  
  25  2:18  Probe  
  28  2:31  Twilight Council, Probe  
  29  2:39  Stalker  
  31  2:46  Gateway  
  31  2:55  Probe (Chrono Boost)  
  33  3:00  Probe (Chrono Boost)  
  33  3:04  Robotics Facility  
  34  3:06  Probe (Chrono Boost)  
  34  3:12  Probe (Chrono Boost)  
  36  3:15  Probe (Chrono Boost)  
  37  3:20  Probe (Chrono Boost)  
  37  3:23  Probe (Chrono Boost)  
  37  3:25  Probe (Chrono Boost)  
  39  3:31  Blink (Chrono Boost)  
  39  3:34  Probe  
  36  3:36  Probe  
  37  3:46  Probe  
  37  3:47  Stalker x2  
  42  3:51  Pylon  
  42  3:57  Observer (Chrono Boost)  
  42  3:59  Probe x2  
  45  4:04  Nexus  
  45  4:11  Probe x2  
  45  4:15  Stalker  
  49  4:17  Stalker  
  49  4:23  Probe  
  51  4:24  Probe  
  51  4:27  Pylon  
  51  4:29  Assimilator  
  52  4:31  Observer  
  52  4:33  Assimilator  
  52  4:35  Probe  
  54  4:49  Probe  
  54  4:51  Probe  
  55  5:01  Probe (Chrono Boost)  
  55  5:02  Robotics Bay, Pylon  
  55  5:05  Probe (Chrono Boost)  
  57  5:08  Pylon  
  57  5:09  Observer  
  57  5:13  Probe (Chrono Boost)  
  59  5:17  Probe (Chrono Boost)  
  62  5:21  Probe (Chrono Boost)  
  62  5:22  Sentry  
  62  5:23  Probe (Chrono Boost)  
  62  5:25  Probe (Chrono Boost)  
  62  5:26  Gateway x2  
  66  5:28  Probe (Chrono Boost), Charge  
  66  5:29  Probe (Chrono Boost)  
  66  5:30  Probe (Chrono Boost)  
  68  5:39  Probe  
  68  5:41  Pylon  
  68  5:42  Probe  
  70  5:46  Probe  
  70  5:49  Stalker x2  
  75  5:51  Probe  
  75  5:52  Colossus (Chrono Boost)  
  82  6:04  Probe x2  
  82  6:09  Extended Thermal Lance  
  82  6:14  Observer  
  82  6:20  Gateway  
  82  6:21  Gateway  
  82  6:23  Sentry  
  82  6:24  Gateway  
  82  6:25  Zealot x2, Stalker  
  86  6:28  Gateway  
  86  6:29  Shield Battery, Probe  
  89  6:34  Probe x2, Pylon  
  91  6:40  Colossus (Chrono Boost)  
  91  6:47  Pylon  
  96  6:50  Zealot x2  
  100  6:54  Zealot x2  
  104  7:09  Shield Battery  
  104  7:11  Stalker x2  
  108  7:17  Zealot x4  
  108  7:22  Pylon  
  116  7:29  Colossus (Chrono Boost)  
  106  7:42  Stalker x2  
  106  7:43  Zealot x6  
  116  7:46  Probe  
  113  7:55  Probe  
  113  7:56  Probe  
  113  7:59  Probe  
  113  8:05  Forge  
  114  8:06  Templar Archives  
  114  8:07  Forge  
  114  8:08  Probe  
  114  8:11  Observer  
  115  8:13  Zealot x3, Stalker x2  
  115  8:16  Assimilator  
  115  8:18  Assimilator  
  125  8:27  Nexus  
  125  8:31  Pylon  
  125  8:36  Pylon  
  125  8:37  Pylon  
  125  8:46  Warp Prism (Chrono Boost), Protoss Ground Armor Level 1 (Chrono Boost), Protoss Ground Weapons Level 1 (Chrono Boost)  
  125  8:49  Pylon  
  125  8:51  Pylon  
  125  8:54  High Templar  
  125  8:55  High Templar x2  
  131  8:57  Zealot x4  
  131  8:59  Archon  
  139  9:03  Gateway x2, High Templar  
  141  9:10  Archon  
  140  9:19  Immortal (Chrono Boost)  
  140  9:20  Probe x2  
  146  9:25  High Templar x2  
  146  9:26  Zealot x2  
  146  9:27  Zealot x3  
  160  9:32  Archon  
  160  9:34  Pylon  
  160  9:35  Pylon  
  160  9:36  Probe  
  157  9:51  Stalker x5  
  165  10:00  Zealot  
  165  10:02  Stalker x2  
  171  10:12  Immortal (Chrono Boost)  
  171  10:17  Robotics Facility  
  175  10:21  Robotics Facility  
  175  10:27  Stalker x6  
  187  10:30  Probe  
  187  10:31  Probe  
  175  10:53  Nexus  
  175  10:55  Pylon  
  171  11:09  Immortal  
  173  11:13  Probe x2  
  171  11:20  Pylon  
  171  11:22  Pylon  
  171  11:24  High Templar x3  
  177  11:25  High Templar  
  177  11:26  Zealot  
  177  11:28  Archon  
  177  11:31  Photon Cannon  
  177  11:32  Archon  
  181  11:34  Photon Cannon  
  181  11:36  Shield Battery  
  157  11:51  Zealot x3  
  157  11:52  Zealot  
Tags
 
Add a new tag
Caveats
  • Supply blocks, unpowered buildings, or Contaminate may cause inaccurate times.
  • Supply counts are checked every 10 seconds.